 Dungeon Crawl Stone Soup version 0.29.1-15-g9cfb28693d (webtiles) character file.

Game seed: 4849905290982193804

47704 tkbsonic5 the Carver (level 14, -22/127 HPs)
             Began as a Hill Orc Berserker on June 25, 2023.
             Was an Elder of Trog.
             Annihilated by a komodo dragon (24 damage)
             ... on level 5 of the Lair of Beasts on July 2, 2023.
             The game lasted 01:12:38 (19132 turns).

tkbsonic5 the Carver (Hill Orc Berserker)          Turns: 19132, Time: 01:12:39

Health: -22/127    AC: 19    Str: 25    XL:     14   Next: 43%
Magic:  4/4        EV:  7    Int:  3    God:    Trog [****..]
Gold:   911        SH:  0    Dex: 13    Spells: 13/13 levels left

rFire   + + +      SeeInvis .   d - +9 long sword of Esuse {antimagic, rF+ rN+ Int-4 Dex+3, NeverAskMeToHail (10,19)}
rCold   + . .      Faith    .   g - +7 tower shield of Ceisis {rF+}
rNeg    + . .      Spirit   .   r - +4 chain mail
rPois   .          Reflect  .   (no helmet)
rElec   .          Harm     .   p - +0 cloak
rCorr   .          Rampage  .   (no gloves)
Will    +....                   y - +2 pair of boots
Stlth   ..........              h - amulet of the acrobat {Retreat Is War & Love}
HPRegen 0.31/turn               C - ring of protection from fire
MPRegen 0.09/turn               c - ring of protection from cold {Icicle Ring}

@: confused, lethally poisoned (-22 -> -58), ambrosia-drunk, on berserk
cooldown, slowed, very slow
A: no striking features
a: Renounce Religion, Berserk, Trog's Hand, Brothers in Arms


You were on level 5 of the Lair of Beasts.
You worshipped Trog.
Trog was greatly pleased with you.
You visited 2 branches of the dungeon, and saw 15 of its levels.

You collected 1200 gold pieces.
You spent 289 gold pieces at shops.

Inventory:

Hand Weapons
 d - the +9 long sword of Esuse (weapon) {antimagic, rF+ rN+ Int-4 Dex+3, NeverAskMeToHail (10,19)}
   (You found it on level 11 of the Dungeon)

   It reduces the magical energy of the wielder, and disrupts the spells and
   magical abilities of those it strikes.
   Natural abilities and divine invocations are not affected.
   Int:       It affects your intelligence (-4).
   Dex:       It affects your dexterity (+3).
   rF:        It protects you from fire.
   rN:        It protects you from negative energy.
 x - the +9 spear of Gebles {vorpal, rPois Int+3, (13,15+)}
   (You found it on level 8 of the Dungeon)

   It inflicts extra damage upon your enemies.
   Int:       It affects your intelligence (+3).
   rPois:     It protects you from poison.
 F - a +2 hand axe of freezing
Missiles
 f - 3 boomerangs {Rosebuds}
 w - 8 poisoned darts
 E - 7 javelins (quivered)
Armour
 g - the +7 tower shield of Ceisis (worn) {rF+}
   (You acquired it on level 8 of the Dungeon)

   rF:        It protects you from fire.
 l - a +1 buckler of fire resistance
 p - a +0 cloak (worn)
 r - a +4 chain mail (worn)
 y - a +2 pair of boots (worn)
Jewellery
 b - a ring of protection from fire {Charcoal Ring}
 c - a ring of protection from cold (right hand) {Icicle Ring}
 h - an amulet of the acrobat (around neck) {Retreat Is War & Love}
 j - a ring of protection from cold
 m - an amulet of regeneration {Chango's Patience}
 v - a ring of willpower
 C - a ring of protection from fire (left hand)
 I - a ring of magical power
Wands
 z - a wand of digging (10)
 B - a wand of iceblast (1)
Scrolls
 a - 3 scrolls of enchant weapon
 e - 2 scrolls of teleportation
 n - 4 scrolls of immolation
 t - 2 scrolls of identify
 u - a scroll of magic mapping
Potions
 i - 2 potions of magic
 k - 11 potions of curing
 s - a potion of berserk rage
 G - 2 potions of might
 J - a potion of flight
Miscellaneous
 q - a box of beasts (inert)


   Skills:
 - Level 12.8 Fighting
 * Level 14.0 Long Blades
 - Level 13.3(14.5) Axes
 - Level 7.9(10.7) Polearms
 - Level 2.4 Throwing
 + Level 8.0 Armour
 - Level 4.4 Dodging
 - Level 0.6 Stealth
 * Level 10.9 Shields
 - Level 4.8 Evocations


You had 13 spell levels left.
You didn't know any spells.
Your spell library was empty.

Dungeon Overview and Level Annotations

Branches:
Dungeon (11/15)            Temple (0/1) D:4            Lair (5/5) D:8
  Swamp (0/4) Lair:3       Spider (0/4) Lair:3        Slime (0/5) Lair:4
    Orc (0/2) D:9

Altars:
Ru
Uskayaw
Xom

Shops:
D:8 *


Message History

You block the black mamba's attack. x2
The spriggan hits you but does no damage.
You closely miss the black mamba.
The black mamba is lightly wounded.
You block the black mamba's attack. x2; You block the spriggan's attack.
You block the black mamba's attack. You block the spriggan's attack.
You are confused.
You feel invigorated. The black mamba bites you.
The black mamba bites you but does no damage.
A spriggan comes into view. It is wielding a +0 short sword.
The spriggan hits you but does no damage.
The black mamba bites you but does no damage.
The komodo dragon closely misses you.
You're too confused to move!
The spriggan shouts!
The black mamba bites you but does no damage.
The spriggan hits you with a +0 dagger. The black mamba bites you!
* * * LOW HITPOINT WARNING * * *
You are poisoned.
The black mamba poisons you!
The spriggan hits you but does no damage.
The komodo dragon bites you but does no damage.
The spriggan hits you with a +0 dagger.
* * * LOW HITPOINT WARNING * * *
You're too confused to move!
You feel very sick. The black mamba bites you.
* * * LOW HITPOINT WARNING * * *
You are more poisoned.
The black mamba poisons you! The black mamba completely misses you.
The spriggan hits you but does no damage.
The komodo dragon bites you!!
* * * LOW HITPOINT WARNING * * *
The black mamba bites you.
* * * LOW HITPOINT WARNING * * *
You are more poisoned.
The black mamba poisons you!
The spriggan hits you but does no damage. x2
The komodo dragon bites you!!
You die...

,,*****.*** ♣♣♣..)♣♣♣ ♣.
*,,*,,,,*
♣♣)h..♣♣♣♣♣♣♣♣♣♣♣.
,,,,,,,****
♣♣♣♣..♣♣....♣♣)).
,,,,,,*,,.♣♣♣♣*
♣♣.....♣...♣♣♣
,*********....♣♣♣♣♣
♣♣........♣ **
**♣......♣♣♣♣♣.....♣♣♣**
* #........♣♣♣♣....♣***,
*♣♣♣.....l...♣♣♣♣♣♣♣♣*,,,
*......i@i....♣ *,,,, *
******......##S....♣*
*,,,,
****,,,**#....,,#.#....#*
*,,,,
,,,,,,,,,....,,,...,....#
*#...
,,,,,,,,,...,,,.....,.###
**....
,,,,,,,,,..,,,.......,#
*,#P..
,,*,,**,,.,,,.##..#.##*
***..#
******,,,,,,.#*######
*..P *....,.#* ##!#


You could see a komodo dragon, a black mamba and 2 spriggans.

Vanquished Creatures
  3 entropy weavers (Lair:4)
  2 ghost crabs (Lair:4)
  3 hydras
  The ghost of Twinkles the Fighter, a journeyman VSBr of Ru (Lair:4)
  2 two-headed ogres (D:10)
  3 death yaks (Lair:5)
  4 fire crabs (Lair:4)
  The ghost of Gelion the Covert, a novice KoBr (D:6)
  A cyclops (D:11)
  An oklob plant (Lair:2)
  A manticore (D:11)
  2 ugly things
  3 black mambas
  5 elephants (Lair:3)
  An apocalypse crab (Lair:4)
  10 cane toads
  3 rime drakes
  A kobold demonologist (D:9)
  10 komodo dragons
  A freezing wraith (D:11)
  2 trolls
  3 polar bears
  6 hornets (Lair:5)
  3 blink frogs (Lair:5)
  A culicivora (Lair:3)
  3 spriggans (Lair:5)
  7 wyverns
  54 yaks
  7 vampire mosquitoes (D:11)
  Grum (D:8)
  3 basilisks
  An acid dragon (D:8)
  12 water moccasins
  3 orc warriors
  3 ice beasts
  2 black bears
  5 centaurs
  31 wolves
  3 phantoms
  12 bullfrogs
  2 kobold brigands
  A scorpion (D:3)
  8 wights
  The ghost of billybob123456 the Trooper, a weakling MiMo (D:3)
  13 killer bees
  4 howler monkeys (D:9)
  2 jellies
  5 orc priests
  3 iguanas
  7 hell rats
  7 orc wizards
  Natasha (thrice) (D:3)
  An adder (D:3)
  A white imp (D:7)
  2 ufetubi
  2 worms
  3 dart slugs
  12 orcs
  9 ball pythons
  8 endoplasms
  9 goblins
  7 hobgoblins
  2 jackals (D:4)
  15 kobolds
  3 bats
  13 frilled lizards
  2 rats
  A bush (Lair:2)
366 creatures vanquished.

Vanquished Creatures (collateral kills)
  The ghost of smokingjp the Cleaver, a journeyman PaFi of Ru (Lair:2)
  The ghost of Wkid the Covert, a journeyman GnDe of Ashenzari (D:11)
  A hydra (D:11)
  A polar bear (Lair:5)
  A hornet (Lair:5)
  5 spriggans (Lair:5)
  A black bear (Lair:5)
  4 wolves (Lair:5)
15 creatures vanquished.

Vanquished Creatures (others)
  10 fungi
  25 plants
35 creatures vanquished.

Grand Total: 416 creatures vanquished

Notes
Turn   | Place    | Note
-------+----------+-------------------------------------------
     0 | D:1      | tkbsonic5 the Hill Orc Berserker began the quest for the
                  | Orb.
     0 | D:1      | Reached XP level 1. HP: 19/19 MP: 1/1
   784 | D:1      | Reached XP level 2. HP: 27/27 MP: 2/2
  1316 | D:2      | Reached skill level 5 in Axes
  1356 | D:2      | Reached XP level 3. HP: 33/33 MP: 3/3
  1667 | D:2      | Found a faded altar of an unknown god.
  2274 | D:3      | Noticed a scorpion
  2279 | D:3      | Killed a scorpion
  2280 | D:3      | Reached XP level 4. HP: 41/41 MP: 4/4
  2594 | D:3      | Found a shimmering altar of Xom.
  2630 | D:3      | Reached XP level 5. HP: 34/47 MP: 5/5
  2799 | D:3      | Noticed Natasha
  2817 | D:3      | Killed Natasha
  2907 | D:3      | Reached ** piety under Trog
  3017 | D:3      | Noticed Natasha
  3025 | D:3      | Killed Natasha
  3053 | D:3      | Noticed Natasha
  3076 | D:3      | Killed Natasha
  3077 | D:3      | Reached skill level 5 in Fighting
  3218 | D:3      | Found a runed translucent gate.
  3221 | D:3      | Found a runed translucent gate.
  3221 | D:3      | Found a runed translucent gate.
  3224 | D:3      | Noticed billybob123456's ghost (weakling MiMo)
  3266 | D:3      | Killed billybob123456's ghost
  3267 | D:3      | Reached XP level 6. HP: 56/56 MP: 6/6
  3648 | D:4      | Found a staircase to the Ecumenical Temple.
  4022 | D:4      | You fall into a shaft and drop 3 floors!
  4292 | D:6      | Reached XP level 7. HP: 62/62 MP: 7/7
  4893 | D:6      | Reached skill level 10 in Axes
  5043 | D:6      | Reached XP level 8. HP: 71/71 MP: 8/8
  5473 | D:6      | Found a runed translucent gate.
  5473 | D:6      | Found a runed translucent gate.
  5474 | D:6      | Found a runed translucent gate.
  5474 | D:6      | Noticed Gelion's ghost (novice KoBr)
  5500 | D:6      | Killed Gelion's ghost
  5762 | D:6      | Reached XP level 9. HP: 82/82 MP: 9/9
  6672 | D:7      | Reached skill level 1 in Evocations
  7645 | D:8      | Identified the +9 spear of Gebles {vorpal, rPois Int+3}
  7681 | D:8      | Reached skill level 1 in Polearms
  7696 | D:8      | Found Satifremmo's Fire Supplies.
  7714 | D:8      | Bought a +1 buckler of fire resistance for 231 gold pieces
  7714 | D:8      | Bought a wand of flame (6) for 58 gold pieces
  7754 | D:8      | Reached skill level 10 in Fighting
  7754 | D:8      | Reached XP level 10. HP: 55/93 MP: 10/10
  7922 | D:8      | Found a sacrificial altar of Ru.
  8022 | D:8      | Reached skill level 1 in Shields
  8212 | D:8      | Noticed Grum
  8220 | D:8      | Reached skill level 1 in Throwing
  8226 | D:8      | Killed Grum
  8856 | D:8      | Found a staircase to the Lair.
  9045 | D:8      | Identified a scroll of acquirement
  9046 | D:8      | Acquired the +7 tower shield of Ceisis {rF+}
  9091 | D:9      | Noticed a kobold demonologist
  9102 | D:9      | Killed a kobold demonologist
  9336 | D:9      | Reached *** piety under Trog
  9583 | D:9      | Reached skill level 5 in Polearms
  9685 | D:9      | Found a hide-covered altar of Uskayaw.
  9771 | D:9      | Found a staircase to the Orcish Mines.
  9984 | D:9      | Reached XP level 11. HP: 91/102 MP: 11/11
 10056 | D:10     | Entered Level 10 of the Dungeon
 10056 | D:10     | Noticed a two-headed ogre
 10059 | D:10     | Killed a two-headed ogre
 10060 | D:10     | Reached skill level 5 in Shields
 10593 | D:11     | Noticed a two-headed ogre
 10595 | D:11     | Noticed a cyan ugly thing
 10609 | D:10     | Killed a two-headed ogre
 10610 | D:10     | Reached skill level 5 in Armour
 10618 | D:10     | Killed a cyan ugly thing
 10628 | D:11     | Reached **** piety under Trog
 10781 | D:11     | Found a gate leading to a gauntlet.
 10785 | D:11     | Noticed a manticore
 10794 | D:11     | Killed a manticore
 10848 | D:11     | Noticed a five-headed hydra
 10883 | D:11     | Killed a five-headed hydra
 10953 | D:11     | Noticed a cyclops
 10962 | D:11     | Killed a cyclops
 11021 | D:11     | Noticed a cyan ugly thing
 11033 | D:11     | Killed a cyan ugly thing
 11034 | D:11     | Reached XP level 12. HP: 89/113 MP: 12/12
 11205 | D:11     | Found a runed translucent gate.
 11205 | D:11     | Found a runed translucent gate.
 11207 | D:11     | Noticed a ten-headed hydra
 11207 | D:11     | Noticed Wkid's ghost (journeyman GnDe)
 11209 | D:11     | Found a runed translucent gate.
 11223 | D:11     | Killed a ten-headed hydra
 11228 | D:11     | Killed Wkid's ghost
 11269 | D:11     | Identified the +9 long sword of Esuse {antimagic, rF+ rN+
                  | Int-4 Dex+3}
 11364 | Lair:1   | Entered Level 1 of the Lair of Beasts
 11591 | Lair:1   | Reached skill level 1 in Long Blades
 12032 | Lair:2   | Reached skill level 2 in Long Blades
 12093 | Lair:2   | Reached skill level 3 in Long Blades
 12308 | Lair:2   | Reached skill level 4 in Long Blades
 12462 | Lair:2   | Reached skill level 5 in Long Blades
 12503 | Lair:2   | Identified the quicksilver dragon scales of Loss {Drain
                  | rN++ Will+ Dex+3}
 12529 | Lair:2   | Found a runed translucent door.
 12557 | Lair:2   | Noticed smokingjp's ghost (journeyman PaFi)
 12641 | Lair:2   | Reached skill level 6 in Long Blades
 13107 | Lair:2   | Killed smokingjp's ghost
 13108 | Lair:2   | Reached skill level 7 in Long Blades
 13277 | Lair:3   | Reached skill level 8 in Long Blades
 13414 | Lair:3   | Reached skill level 9 in Long Blades
 13420 | Lair:3   | Reached XP level 13. HP: 102/119 MP: 13/13
 13949 | Lair:3   | Reached skill level 10 in Long Blades
 14055 | Lair:3   | Found a hole to the Spider Nest.
 14252 | Lair:3   | Reached skill level 11 in Long Blades
 14335 | Lair:3   | Found a staircase to the Swamp.
 15355 | Lair:4   | Found a staircase to the Slime Pits.
 15384 | Lair:4   | Found a runed translucent door.
 15388 | Lair:4   | Noticed Twinkles's ghost (journeyman VSBr)
 15668 | Lair:4   | Reached skill level 12 in Long Blades
 15784 | Lair:4   | Found a runed translucent door.
 15878 | Lair:4   | Killed Twinkles's ghost
 16016 | Lair:4   | Noticed an entropy weaver
 16031 | Lair:4   | Killed an entropy weaver
 16426 | Lair:4   | Noticed an entropy weaver
 16436 | Lair:4   | Killed an entropy weaver
 16569 | Lair:4   | Noticed an entropy weaver
 16584 | Lair:4   | Killed an entropy weaver
 16726 | Lair:5   | Entered Level 5 of the Lair of Beasts
 17227 | Lair:4   | Reached skill level 13 in Long Blades
 17380 | Lair:5   | Reached XP level 14. HP: 106/127 MP: 4/14
 17808 | Lair:5   | Reached skill level 10 in Shields
 18561 | Lair:5   | Paralysed by a hornet for 3 turns
 18594 | Lair:5   | Paralysed by a hornet for 2 turns
 19109 | Lair:5   | Paralysed by a hornet for 3 turns
 19120 | Lair:5   | Reached skill level 14 in Long Blades
 19132 | Lair:5   | HP: 6/127 [komodo dragon (23)]
 19132 | Lair:5   | HP: 2/127 [black mamba (4)]
 19132 | Lair:5   | Annihilated by a komodo dragon

Illustrated notes

Levels and vault maps discovered:
D:1:      giann_wishing_wells, layout_basic
D:2:      layout_basic, shapermc_ecumenical_altar_mp_highgroup, st_stairs_4,
          lightli_corner_chamber
D:3:      layout_rooms, mainiacjoe_overflow_small_starburst,
          ebering_ghost_rock_garden, chequers_serial_rivers_small_b,
          minmay_puff, uniq_natasha
D:4:      layout_basic, lemuel_coloured_pillars_altar,
          minmay_temple_entry_arrows, minmay_lizard_king
D:6:      layout_loops_corners, ebering_ghost_rock_garden, st_stairs_6,
          grunt_ministairs_10
D:7:      layout_layer_cave, enter_bailey_5
D:8:      minmay_general_purpose_star, layout_cave_pools,
          mainiacjoe_overflow_tiny_flanked, minmay_hedge_maze, minivault_1,
          nicolae_shop_fire_sale [nicolae_sub_dead_trees], serial_bayou_pond_e,
          uniq_grum
D:9:      layout_cave_pools, mainiacjoe_overflow_brackets, orc_0_dummy,
          minmay_increasing_density
D:10:     layout_small_grid
D:11:     minmay_the_grid_triangle_9x9_rhombus_full
          [minmay_the_grid_triangle_9x9_warning,
          minmay_the_grid_triangle_9x9_odd_lines,
          minmay_the_grid_triangle_9x9_shrine,
          minmay_the_grid_triangle_9x9_corrupted_corridor,
          minmay_the_grid_triangle_9x9_limited_checkers,
          minmay_the_grid_triangle_9x9_minimal,
          minmay_the_grid_triangle_9x9_fully_insulated_deathbox,
          minmay_the_grid_triangle_9x9_prize_top_heavy], layout_rooms,
          gauntlet_entry_generic, gammafunk_ghost_hydra_chop
Lair:1:   layout_roguey
Lair:2:   layout_cave_pods, ebering_ghost_reflecting_pool,
          minmay_lair_oklob_items
Lair:3:   layout_cave_shapes, swamp_mist, spider_nest_entry_rubble,
          minivault_26, grunt_megastairs_4, lemuel_fruit_fields,
          lemuel_fruit_tree
Lair:4:   gammafunk_mikee_crab_dinner, layout_hall_layers, slime_entry_1,
          gammafunk_ghost_grave
Lair:5:   minmay_lair_end_enchanted_forest, layout_hall_layers,
          lemuel_old_faithful

Skill      XL: |  1  2  3  4  5  6  7  8  9 10 11 12 13 14 |
---------------+-------------------------------------------+-----
Fighting       | 4 5 6 8 10 11 12 | 12.8
Axes           | 5 6 7 8 10 12 13 | 13.3
Evocations     | 2 3 4 |  4.8
Armour         | 3 4 5 7 8 |  8.0
Polearms       | 2 5 7 |  7.9
Dodging        | 3 4 |  4.4
Shields        | 4 6 7 9 10 | 10.9
Throwing       | 1 2 |  2.4
Long Blades    | 9 13 14 | 14.0
Stealth        | |  0.6

Action                   |  1- 3 |  4- 6 |  7- 9 | 10-12 | 13-15 || total
-------------------------+-------+-------+-------+-------+-------++-------
Melee: Hand axe          |    94 |   142 |   188 |       |       ||   424
       Punch             |     1 |     1 |     3 |       |       ||     5
       Spear             |       |       |    26 |   610 |    93 ||   729
       Long sword        |       |       |       |    28 |   541 ||   569
Throw: Boomerang         |       |       |       |    38 |     1 ||    39
       Javelin           |       |       |       |       |    36 ||    36
Invok: Berserk           |     3 |     8 |     2 |     8 |     7 ||    28
       Trog's Hand       |       |     1 |     3 |     5 |     4 ||    13
       Brothers in Arms  |       |       |       |     2 |     2 ||     4
Evoke: Wand              |       |       |     8 |    21 |    23 ||    52
       Box of beasts     |       |       |       |       |     1 ||     1
  Use: Potion            |     1 |     3 |     5 |    10 |     3 ||    22
       Scroll            |       |     5 |     7 |    13 |    10 ||    35
 Stab: Sleeping          |     1 |       |       |       |       ||     1
Armor: Animal skin       |    10 |       |       |       |       ||    10
       Leather armour    |     3 |       |       |       |       ||     3
       Ring mail         |     2 |     5 |       |       |       ||     7
       Chain mail        |       |    56 |    70 |   245 |   239 ||   610
       Skin              |       |       |    12 |    17 |       ||    29
Dodge: Dodged            |    41 |    60 |    57 |   111 |   125 ||   394
Block: Tower shield      |       |       |       |   626 |   793 ||  1419
       Buckler           |       |       |       |     8 |       ||     8
